 Dungeon Crawl Stone Soup version 0.28-a0-1199-gef9e1dbd39 (webtiles) character file.

Game seed: 15870070227792360044

35805 sanka the Fencer (level 13, -9/104 HPs)
             Began as a Palentonga Abyssal Knight on Dec 19, 2021.
             Was a High Priest of Lugonu.
             Killed from afar by a gargoyle (17 damage)
             ... with a stone arrow
             ... in a volcano.
             The game lasted 00:48:11 (25856 turns).

sanka the Fencer (Palentonga Abyssal Knight)       Turns: 25856, Time: 00:48:13

Health: -9/104     AC: 31    Str: 19    XL:     13   Next: 49%
Magic:  20/20      EV: 10    Int: 11    God:    Lugonu [*****.]
Gold:   710        SH:  0    Dex: 13    Spells: 12/12 levels left

rFire   + . .      SeeInvis +   a - +2 triple sword (vorpal)
rCold   . . .      Faith    .   (shield currently unavailable)
rNeg    . . .      Spirit   .   Q - +0 acid dragon scales
rPois   .          Reflect  .   (no helmet)
rElec   .          Harm     .   z - +0 cloak
rCorr   +          Rampage  .   l - +0 pair of gloves
Will    .....                   w - +4 barding
Stlth   +.........              (no amulet)
HPRegen 0.27/turn               i - ring of protection from fire
MPRegen 0.17/turn               d - +4 ring of protection

@: studying Long Blades, curled up
A: large, rugged brown scales 3, see invisible, deformed body, roll 1, armoured
tail, reflexive curl
a: Rolling Charge, Renounce Religion, Depart the Abyss, Bend Space, Banish,
Corrupt, Enter the Abyss


You were in a volcano.
You worshipped Lugonu.
Lugonu was extremely pleased with you.
You visited 2 branches of the dungeon, and saw 13 of its levels.
You visited the Abyss 1 time.
You also visited: Sewer, Ossuary, Bailey and Volcano.

You collected 710 gold pieces.


Innate Abilities, Weirdness & Mutations

You are completely covered in rugged brown scales. (AC +3, +7% HP)
You have supernaturally acute eyesight. (SInv)
Armour fits poorly on your strangely shaped body.
You can roll at nearby foes to attack.
You have a long armoured tail.
You curl defensively after being hit. (AC +7*)


   Skills:
 + Level 8.2 Fighting
 - Level 16.0 Long Blades
 + Level 8.1 Armour
 + Level 8.1 Dodging
 - Level 10.0 Invocations
 - Level 4.0 Evocations


You had 12 spell levels left.
You didn't know any spells.
Your spell library contained the following spells:

 Spells                   Type           Power      Damage    Failure   Level
 Static Discharge         Conj/Air       0%         N/A       56%         2
 Conjure Flame            Conj/Fire      0%         6-21      80%         3
 Ignite Poison            Fire/Tmut/Pois 0%         N/A       80%         3
 Ozocubu's Armour         Ice            0%         N/A       80%         3
 Swiftness                Air            0%         N/A       80%         3
 Tukima's Dance           Hex            0%         N/A       80%         3
 Passage of Golubria      Tloc           0%         N/A       99%         4
 Sticky Flame             Conj/Fire      0%         2d3       99%         4
 Yara's Violent Unravell  Hex/Tmut       0%         3d3       100%        5
 Ozocubu's Refrigeration  Ice            0%         4d5       100%        7

Inventory:

Hand Weapons
 a - a +2 vorpal triple sword (weapon)
 b - a +1 scimitar of flaming
Missiles
 y - 5 curare-tipped darts {=f}
Armour
 l - a +0 pair of gloves (worn)
 w - a +4 barding (worn)
 z - a +0 cloak (worn)
 E - +0 swamp dragon scales
 Q - +0 acid dragon scales (worn)
Magical Staves
 x - a staff of air
Jewellery
 d - a +4 ring of protection (right hand)
 i - a ring of protection from fire (left hand)
 C - a +4 ring of evasion
 K - a ring of protection from cold
 N - a ring of flight
Wands
 g - a wand of mindburst (12)
 M - a wand of iceblast (8)
 R - a wand of charming (6)
Scrolls
 c - 4 scrolls of blinking
 e - 9 scrolls of teleportation {@r4}
 h - 2 scrolls of enchant weapon
 j - 2 scrolls of torment {!r}
 k - a scroll of summoning {unknown}
 m - 2 scrolls of holy word
 q - 2 scrolls of fear
 u - 2 scrolls of vulnerability {!r}
 G - 2 scrolls of fog
 O - a scroll of immolation {!r}
 P - a scroll of enchant armour
Potions
 f - 2 potions of cancellation {unknown}
 o - 2 potions of heal wounds {unknown}
 p - 3 potions of magic {unknown}
 r - 4 potions of haste {unknown}
 t - 3 potions of attraction {unknown}
 v - 3 potions of lignification {unknown}
 A - 3 potions of curing {@q1}
 F - a potion of degeneration {unknown}
 I - a potion of resistance {unknown}
 L - a potion of brilliance {unknown}
Miscellaneous
 S - a tin of tremorstones (2/2)

Dungeon Overview and Level Annotations

Branches:
Dungeon (11/15)            Temple (0/1) D:6            Lair (2/6) D:9
 Shoals (0/4) Lair:2       Spider (0/4) Lair:2          Orc (0/2) D:9
  Sewer (visited)         Ossuary (visited)          Bailey (visited)
Volcano (1/1)

Altars:
Ashenzari
Elyvilon
Okawaru
Qazlal
Sif Muna
Trog
Xom
Yredelemnul
Zin
The Shining One

Annotations:
D:10 hornet nest
D:11 1 runed translucent door, jt's ghost, journeyman DsFi

▒≈▒≈#≈≈≈≈≈≈≈..(..▒▒▒▒(.▒▒8..8
▒▒▒≈≈≈≈≈≈≈▒.'..▒8...8.+....
▒▒▒≈≈≈≈≈..▒▒▒▒......+....
≈≈▒▒▒▒≈▒▒▒▒ ▒...⌠..▒...∩
≈≈≈≈≈≈≈≈≈..▒▒▒▒.....)'....
▒▒≈#≈≈≈≈≈▒.'..▒8...8.'....
*▒#≈≈≈≈≈≈..(..▒▒▒▒..▒▒8..8
▒▒≈#≈≈≈≈▒.8▒..▒ ▒..▒▒▒▒▒▒
#.▒≈≈≈≈▒.H▒▒..▒ ▒..▒ #
▒≈≈≈≈▒)▒▒ ..'. ▒..▒ ..▒≈≈▒)▒▒
..▒▒▒▒..▒ ...▒▒.. C.▒ ▒..▒
▒.▒ ..+ .. ..▒ ..▒ ▒▒▒


You could see a gargoyle.


Message History

The molten gargoyle hits you with a +0 morningstar!
* * * LOW HITPOINT WARNING * * *
You are engulfed in flames.
You resist.
* * * LOW HITPOINT WARNING * * *
It was a potion of curing.
The molten gargoyle barely misses you.
The gargoyle hits you but does no damage.
Lugonu is no longer ready to corrupt your weapon.
You slash the molten gargoyle!
The molten gargoyle is severely damaged.
The molten gargoyle barely misses you. The gargoyle hits you with a +0 mace.
* * * LOW HITPOINT WARNING * * *
You hit the molten gargoyle.
You tail-slap the molten gargoyle, but do no damage.
The molten gargoyle is almost destroyed.
The molten gargoyle hits you with a +0 morningstar!
* * * LOW HITPOINT WARNING * * *
You are engulfed in flames.
You resist.
* * * LOW HITPOINT WARNING * * *
The gargoyle hurls a stone arrow at you.
The stone arrow misses you.
The stone arrow hits the molten gargoyle!
The molten gargoyle is destroyed!
You hit the gargoyle but do no damage.
The gargoyle hurls a stone arrow at you.
The stone arrow hits you!
You die...

Action                   |  1- 3 |  4- 6 |  7- 9 | 10-12 | 13-15 || total
-------------------------+-------+-------+-------+-------+-------++-------
Melee: Falchion          |   101 |   166 |   299 |   630 |       ||  1196
       Tailslap          |    13 |    18 |    57 |   179 |    44 ||   311
       Hand axe          |       |       |     6 |     7 |     6 ||    19
       Great sword       |       |       |       |   500 |   158 ||   658
       Triple sword      |       |       |       |       |    14 ||    14
Throw: Throwing net      |       |     1 |       |     1 |       ||     2
       Dart              |       |       |       |     3 |       ||     3
Invok: Banish            |       |       |       |    12 |       ||    12
 Abil: Rolling Charge    |       |     4 |    19 |    38 |    10 ||    71
Evoke: Wand              |       |     1 |     6 |    16 |       ||    23
  Use: Scroll            |       |     3 |     2 |     9 |     5 ||    19
       Potion            |       |       |       |       |     1 ||     1
 Stab: Sleeping          |       |     1 |       |       |       ||     1
Armor: Leather armour    |    54 |    79 |   138 |       |       ||   271
       Swamp dragon scal |       |       |    12 |   559 |       ||   571
       Acid dragon scale |       |       |       |   187 |   101 ||   288
Dodge: Dodged            |    52 |    70 |   143 |   758 |   132 ||  1155

Levels and vault maps discovered:
D:1:      scummos_arrival_star, layout_loops_ring, hex_large
D:2:      layout_rooms, serial_aquarium, aquarium_bridge_island_large
          [aquarium_subvault_large_4_pools, aquarium_subvault_bridge,
          aquarium_subvault_bridge, aquarium_subvault_bridge,
          aquarium_subvault_bridge], aquarium_bridge_square
          [aquarium_subvault_bridge, aquarium_subvault_bridge,
          aquarium_subvault_bridge, aquarium_subvault_window],
          aquarium_window_corner, aquarium_window_fake, aquarium_window_1,
          aquarium_view_2c, aquarium_balcony_3b, aquarium_pool_S
D:3:      layout_rooms, nicolae_tso_swordbearing_angel, portal_sewer_entry_c,
          uniq_pargi
D:4:      layout_basic, yredelemnul_altar_generic
D:5:      layout_rooms, trog_hazing_becter, cheibrodos_gnoll_hut
D:6:      minmay_opposing_rooms, layout_loops_ring, kennysheep_mini_moat,
          lemuel_doored_altar, minmay_temple_entry_waves, uniq_maggie
D:7:      layout_rooms, mainiacjoe_overflow_concentric_impassable,
          gammafunk_temple_overflow_statue, enter_bailey_5, uniq_menkaure,
          uniq_prince_ribbit1, uniq_duvessa
D:8:      layout_loops_corners, elyvilon_altar_5, enter_ossuary_5,
          roderic_lattice_a
D:9:      layout_loops_corners, okawaru_humans, dpeg_lair_monsters,
          zombieorc1_lemuel
D:10:     layout_rooms, hive_lemuel
D:11:     nzn_winding_woodlands_cross [nzn_winding_woodlands_5x15_cabin,
          nzn_winding_woodlands_5x15_split_checker,
          nzn_winding_woodlands_5x15_concentric,
          nzn_winding_woodlands_5x15_default,
          nzn_winding_woodlands_15x15_boxy_spiral], layout_rooms,
          ebering_ghost_xom, uniq_fannar
Lair:1:   layout_small_grid, minivault_24, grunt_megastairs_2,
          infiniplex_staircase_pool, serial_bayou_shore_a, lemuel_fruit_tree,
          serial_bayou_shore_b, uniq_sonja
Lair:2:   mu_elephants_graveyard, layout_regular_city, elwin_shoals_entry_rocks,
          spider_nest_entry_rubble, enter_volcano_2,
          grunt_forest_small_clearings, serial_bayou_pond_e
Volcano:  hellmonk_zot_springs

Notes
Turn   | Place    | Note
-------+----------+-------------------------------------------
     0 | Abyss:1  | sanka the Palentonga Abyssal Knight began the quest for the
                  | Orb.
     0 | Abyss:1  | Reached XP level 1. HP: 19/19 MP: 2/2
    49 | D:1      | Escaped the Abyss
   216 | D:1      | Reached XP level 2. HP: 22/25 MP: 3/3
   347 | D:1      | Reached skill level 3 in Long Blades
  1161 | D:2      | Reached XP level 3. HP: 30/31 MP: 4/4
  1275 | D:2      | Reached ** piety under Lugonu
  1547 | D:2      | Reached skill level 4 in Long Blades
  1563 | D:2      | Reached XP level 4. HP: 23/37 MP: 5/5
  1733 | D:3      | Found a glowing drain.
  1935 | Sewer    | Entered a sewer
  2073 | Sewer    | Reached skill level 5 in Long Blades
  2248 | Sewer    | Reached XP level 5. HP: 19/43 MP: 6/6
  2464 | Sewer    | Reached *** piety under Lugonu
  2862 | D:3      | Found a glowing golden altar of the Shining One.
  2975 | D:3      | Noticed Pargi
  2990 | D:3      | Killed Pargi
  2991 | D:3      | Reached skill level 6 in Long Blades
  3192 | D:4      | Reached skill level 3 in Invocations
  3192 | D:4      | Reached XP level 6. HP: 25/50 MP: 8/8
  3576 | D:4      | Found a basalt altar of Yredelemnul.
  3663 | D:4      | Reached skill level 4 in Invocations
  4272 | D:5      | Entered Level 5 of the Dungeon
  4321 | D:5      | Noticed a sky beast
  4331 | D:5      | Killed a sky beast
  4332 | D:5      | Reached skill level 5 in Invocations
  4341 | D:5      | Gained mutation: You curl defensively after being hit. (AC
                  | +7*) [Palentonga growth]
  4341 | D:5      | Reached XP level 7. HP: 26/55 MP: 9/11
  4587 | D:5      | Reached skill level 6 in Invocations
  4689 | D:5      | Found a bloodstained altar of Trog.
  4778 | D:5      | Reached **** piety under Lugonu
  4833 | D:5      | Reached skill level 7 in Invocations
  5277 | D:5      | Noticed a yak
  5278 | D:5      | Noticed a yak
  5278 | D:5      | Noticed a yak
  5278 | D:5      | Noticed a yak
  5279 | D:5      | Noticed a yak
  5304 | D:5      | Killed a yak
  5305 | D:5      | Reached skill level 8 in Invocations
  5305 | D:5      | Reached XP level 8. HP: 46/62 MP: 12/14
  5539 | D:4      | Reached skill level 7 in Long Blades
  5855 | D:4      | Reached skill level 4 in Fighting
  5935 | D:5      | Reached skill level 8 in Long Blades
  6152 | D:5      | Found a bloodstained altar of Trog.
  6542 | D:6      | Reached skill level 5 in Fighting
  6759 | D:6      | Found a stormy altar of Qazlal.
  6849 | D:6      | Reached XP level 9. HP: 68/72 MP: 15/15
  7281 | D:6      | Found a shimmering altar of Xom.
  7330 | D:6      | Found a staircase to the Ecumenical Temple.
  7520 | D:6      | Noticed a five-headed hydra
  7543 | D:6      | Killed a one-headed hydra
  7544 | D:6      | Reached skill level 6 in Fighting
  7544 | D:6      | Reached skill level 10 in Long Blades
  7544 | D:6      | Reached skill level 1 in Dodging
  8167 | D:6      | Reached skill level 2 in Armour
  8281 | D:6      | Reached skill level 2 in Dodging
  8490 | D:6      | Identified +0 swamp dragon scales
  8490 | D:6      | Noticed Maggie
  8511 | D:6      | Killed Maggie
  8512 | D:6      | Reached skill level 3 in Armour
  8820 | D:6      | Reached skill level 3 in Dodging
  8850 | D:6      | Reached XP level 10. HP: 56/81 MP: 16/16
  8856 | D:6      | Reached skill level 4 in Armour
  9149 | D:7      | Reached skill level 4 in Dodging
  9247 | D:7      | Found a flagged portal.
  9257 | Bailey   | Entered a bailey
  9475 | Bailey   | Reached skill level 1 in Evocations
  9794 | Bailey   | Reached skill level 2 in Evocations
 10391 | Bailey   | Reached skill level 3 in Evocations
 10651 | Bailey   | Noticed an orc knight
 10683 | Bailey   | Banished an orc knight
 10684 | Bailey   | Reached skill level 4 in Evocations
 11004 | D:7      | Identified +0 steam dragon scales
 11412 | D:7      | Identified +0 steam dragon scales
 11666 | D:7      | Noticed Menkaure
 11683 | D:7      | Killed Menkaure
 11719 | D:7      | Noticed Prince Ribbit
 11735 | D:7      | Killed Prince Ribbit
 11778 | D:7      | Found a shimmering blue altar of Sif Muna.
 11816 | D:7      | Reached skill level 5 in Armour
 12018 | D:7      | Found a broken altar of Ashenzari.
 12018 | D:7      | Found a glowing silver altar of Zin.
 12060 | D:7      | Noticed Dowan
 12080 | D:7      | Noticed Duvessa
 12093 | D:7      | Killed Duvessa
 12104 | D:7      | Killed Dowan
 12361 | D:8      | Found a white marble altar of Elyvilon.
 12418 | D:8      | Reached skill level 7 in Fighting
 12505 | D:8      | Found a sand-covered staircase.
 12510 | Ossuary  | Entered an ossuary
 12670 | Ossuary  | Reached ***** piety under Lugonu
 12812 | D:8      | Reached XP level 11. HP: 86/89 MP: 17/17
 12820 | D:8      | Reached skill level 5 in Dodging
 14269 | D:9      | Noticed a death yak
 14295 | D:9      | Noticed a death yak
 14297 | D:9      | Noticed a death yak
 14298 | D:9      | Killed a death yak
 14908 | D:8      | Found a white marble altar of Elyvilon.
 15747 | D:8      | Banished a death yak
 16631 | D:9      | Banished a death yak
 16868 | D:9      | Reached skill level 9 in Invocations
 16898 | D:9      | Found a staircase to the Orcish Mines.
 16996 | D:9      | Found an iron altar of Okawaru.
 17485 | D:9      | Found a staircase to the Lair.
 17945 | D:10     | Entered Level 10 of the Dungeon
 17956 | D:10     | Reached skill level 11 in Long Blades
 18158 | D:10     | Reached skill level 10 in Invocations
 18842 | D:10     | Reached skill level 12 in Long Blades
 19065 | D:11     | Noticed a two-headed ogre
 19067 | D:11     | Banished a two-headed ogre
 19397 | D:11     | Noticed a boulder beetle
 19415 | D:11     | Killed a boulder beetle
 19416 | D:11     | Reached skill level 13 in Long Blades
 19416 | D:11     | Reached XP level 12. HP: 74/97 MP: 19/19
 19515 | D:11     | Noticed Fannar
 19528 | D:11     | Noticed a two-headed ogre
 19565 | D:11     | Killed a two-headed ogre
 19598 | D:11     | Killed Fannar
 19775 | D:11     | Found a runed translucent door.
 19776 | D:11     | Found a shimmering altar of Xom.
 19776 | D:11     | Noticed jt's ghost (journeyman DsFi)
 20210 | D:11     | Noticed a boulder beetle
 20220 | D:11     | Identified +0 acid dragon scales
 20221 | D:11     | Reached skill level 14 in Long Blades
 20230 | D:11     | Killed a boulder beetle
 20472 | D:11     | Noticed a two-headed ogre
 20487 | D:11     | Killed a two-headed ogre
 20490 | D:11     | Noticed a boulder beetle
 20511 | D:11     | Killed a boulder beetle
 20512 | D:11     | Reached skill level 6 in Armour
 20658 | D:10     | Noticed a two-headed ogre
 20665 | D:10     | Killed a two-headed ogre
 20666 | D:10     | Reached skill level 8 in Fighting
 20754 | D:11     | Reached skill level 6 in Dodging
 20904 | D:11     | Noticed a frost giant
 20912 | D:11     | Banished a frost giant
 20968 | D:11     | Got Baqepliclu's Grimoire of Cold and Lightness
 21120 | D:10     | hornet nest
 21164 | Lair:1   | Entered Level 1 of the Lair of Beasts
 21215 | Lair:1   | Noticed a five-headed hydra
 21416 | Lair:1   | Killed a one-headed hydra
 21417 | Lair:1   | Reached skill level 7 in Armour
 21698 | Lair:1   | Noticed Sonja
 21711 | Lair:1   | Killed Sonja
 21712 | Lair:1   | Reached skill level 7 in Dodging
 22258 | Lair:1   | Reached XP level 13. HP: 59/87 MP: 20/20
 23900 | Lair:1   | Reached skill level 8 in Armour
 24032 | Lair:2   | Found a staircase to the Shoals.
 24111 | Lair:2   | Identified 2 scrolls of acquirement
 24111 | Lair:2   | Acquired a +2 vorpal triple sword
 24113 | Lair:2   | Acquired a manual of Long Blades
 24185 | Lair:1   | Reached skill level 8 in Dodging
 24213 | Lair:2   | Found a dark tunnel.
 24237 | Volcano  | Entered a volcano
 24856 | Volcano  | Reached skill level 15 in Long Blades
 25297 | Volcano  | Reached ****** piety under Lugonu
 25460 | Volcano  | Noticed a red draconian
 25490 | Volcano  | Killed a red draconian
 25491 | Volcano  | Reached skill level 16 in Long Blades
 25713 | Volcano  | Noticed an orb of fire
 25713 | Volcano  | Noticed an orb of fire
 25855 | Volcano  | HP: 8/104 [molten gargoyle (3)]
 25856 | Volcano  | Killed from afar by a gargoyle

Vanquished Creatures
  A red draconian (Volcano)
  Fannar (D:11)
  3 boulder beetles (D:11)
  3 hydras
  3 two-headed ogres
  A death yak (D:9)
  Sonja (Lair:1)
  2 salamander mystics (Volcano)
  A flayed ghost (D:11)
  4 cyclopes
  3 elephants
  A salamander (Volcano)
  A manticore (D:11)
  3 molten gargoyles (Volcano)
  4 gargoyles
  3 black mambas (Lair:1)
  A cane toad (Lair:1)
  Maggie (D:6)
  2 unseen horrors
  2 komodo dragons
  A kobold demonologist (D:9)
  An efreet (Volcano)
  2 trolls
  Prince Ribbit (D:7)
  5 blink frogs (Lair:1)
  3 shadows
  14 yaks
  2 humans (D:9)
  2 steam dragons (D:7)
  4 vampire mosquitoes (D:10)
  Menkaure (D:7)
  Duvessa (D:7)
  3 acid dragons
  7 water moccasins
  Pargi (D:3)
  A hornet zombie (D:9)
  A sky beast (D:5)
  14 orc warriors
  9 wolves
  7 centaurs
  7 ogres
  2 phantoms
  3 kobold brigands
  A gnoll sergeant (D:6)
  A scorpion (D:6)
  6 bullfrogs
  Dowan (D:7)
  2 troll zombies (D:9)
  9 killer bees (D:10)
  12 wights
  7 howler monkeys
  An electric eel (Lair:1)
  7 centaur zombies
  A bullfrog zombie (D:7)
  3 gnoll shamans
  An orc priest (D:10)
  A jelly (D:6)
  2 hounds (D:5)
  5 orc wizards
  2 centaur skeletons (D:7)
  5 iguanas
  14 hell rats
  2 killer bee zombies
  4 ogre zombies (D:9)
  A hound skeleton (D:4)
  3 mummies (Ossuary)
  A howler monkey zombie (D:9)
  17 gnolls
  5 river rats
  4 adders
  2 white imps
  An ufetubus (D:7)
  2 adder zombies (Ossuary)
  A worm (D:4)
  33 orcs
  8 endoplasms
  2 giant cockroaches
  11 goblins
  6 hobgoblins
  10 jackals
  4 quokkas
  11 ball pythons
  4 bats
  7 frilled lizards
  2 gnoll zombies (Ossuary)
  2 goblin skeletons (D:9)
  9 goblin zombies
  A hobgoblin skeleton (D:9)
  4 hobgoblin zombies
  14 kobolds
  3 kobold zombies (Ossuary)
  2 orc skeletons (D:9)
  8 orc zombies (D:9)
  A quokka zombie (Ossuary)
  17 rats
  3 rat zombies (Ossuary)
419 creatures vanquished.

Vanquished Creatures (others)
  A molten gargoyle (Volcano)
  A wyvern zombie (D:7)
  34 fungi
  18 plants
54 creatures vanquished.

Grand Total: 473 creatures vanquished
